Map: Automaton ER

Players

sZRAMEK

  • Race: Terran Terran
  • Spawn Location: 9:00

Rainer - Winner!

  • Race: Protoss Protoss
  • League: Platinum
  • Spawn Location: 3:00

VOD

Have the link to the VOD?

Description

Time

  • Played on: Feb. 17, 2019, 8:47 a.m.
  • Length: 9:19
Show
View Real Time Build Order
Export as new Build Order

sZRAMEK Terran 

Build Orders:  

Get SALT Encoding   

  12  0:07  SCV  
  13  0:36  Supply Depot  
  13  0:37  SCV  
  14  0:57  SCV  
  14  1:02  Barracks  
  15  1:10  SCV  
  16  1:18  Supply Depot  
  16  1:24  SCV  
  17  1:36  SCV  
  18  1:45  Barracks  
  18  1:51  Marine  
  18  1:52  SCV  
  20  2:10  Orbital Command  
  20  2:12  Marine  
  20  2:48  Marine x2  
  22  2:57  Barracks  
  22  3:00  Barracks  
  22  3:09  Marine x2  
  22  3:12  SCV  
  25  3:23  Command Center  
  25  3:30  SCV  
  26  3:34  Marine  
  26  3:35  Marine  
  28  3:42  Refinery  
  28  3:45  Refinery  
  28  3:49  Barracks, SCV  
  28  3:51  Marine x2  
  31  3:59  Supply Depot  
  31  4:07  Supply Depot  
  31  4:20  Marine x4, SCV  
  36  4:33  SCV  
  36  4:38  Marine x2  
  37  4:39  Orbital Command  
  37  4:42  Marine x2  
  37  4:45  Barracks Tech Lab  
  41  4:56  Marine  
  42  5:05  Marine x2  
  42  5:06  Marine  
  45  5:10  Command Center  
  45  5:11  Orbital Command  
  45  5:23  Combat Shield  
  45  5:32  Marine x5  
  50  5:38  SCV  
  50  5:39  SCV  
  52  5:49  Marine  
  52  5:50  Marine x2  
  52  5:51  Marine x2  
  57  6:07  Marine  
  57  6:08  Marine  
  59  6:11  Marine x3  
  62  6:21  SCV  
  62  6:22  SCV  
  62  6:25  Marine x2  
  64  6:26  Supply Depot  
  64  6:30  Supply Depot  
  66  6:34  SCV  
  66  6:38  Marine  
  66  6:39  Marine x2  
  70  6:43  Stimpack, Marine x2  
  72  6:53  Orbital Command  
  72  6:56  Marine x2  
  72  7:00  Marine  
  72  7:01  Marine x2  
  70  7:14  Orbital Command, Marine x2  
  68  7:18  Marine  
  68  7:19  Marine x2  
  71  7:32  Marine x2  
  71  7:35  Marine  
  74  7:37  SCV  
  74  7:38  SCV  
  74  7:40  Marine x2  
  78  7:49  SCV  
  78  7:50  Marine x2  
  80  7:53  Marine  
  54  8:13  Marine x5  
  57  8:24  SCV x3  
  52  8:30  Marine  
  52  8:31  Marine x4  
  53  8:36  SCV x2  
  54  8:43  Barracks  
  54  8:45  Barracks  
  54  8:48  Marine x2  
  54  8:49  Marine x3  
Show
View Real Time Build Order
Export as new Build Order

Rainer Protoss - Winner!

Build Orders: Double Forge 

Get SALT Encoding   

  1  0:00  Probe  
  12  0:05  Probe  
  14  0:20  Pylon  
  14  0:23  Probe  
  15  0:38  Probe  
  15  0:40  Gateway  
  16  0:48  Assimilator  
  16  0:50  Probe  
  17  1:01  Probe  
  18  1:09  Probe  
  18  1:18  Probe  
  20  1:28  Probe  
  21  1:33  Assimilator  
  21  1:36  Cybernetics Core  
  21  1:41  Probe  
  22  1:53  Probe  
  22  2:17  Probe  
  22  2:20  Pylon  
  23  2:25  Robotics Facility  
  23  2:29  Nexus  
  23  2:34  Probe  
  23  2:39  Pylon  
  23  2:43  Probe  
  24  2:45  Pylon  
  25  2:54  Pylon  
  25  2:55  Probe  
  26  3:04  Twilight Council, Probe  
  26  3:07  Warp Gate  
  27  3:12  Probe  
  27  3:14  Observer  
  29  3:20  Stalker  
  29  3:22  Probe  
  32  3:31  Forge  
  32  3:40  Probe  
  32  3:41  Forge  
  32  3:48  Probe  
  33  3:51  Assimilator  
  34  3:56  Assimilator  
  34  3:58  Probe  
  34  4:01  Probe  
  36  4:10  Probe  
  36  4:13  Probe  
  38  4:20  Protoss Ground Weapons Level 1  
  38  4:21  Protoss Ground Armor Level 1  
  38  4:22  Probe  
  39  4:25  Probe  
  40  4:38  Gateway  
  40  4:39  Gateway  
  40  4:40  Gateway  
  40  4:44  Gateway  
  40  4:49  Gateway  
  40  5:00  Templar Archives  
  40  5:02  Probe  
  40  5:06  Probe  
  41  5:10  Probe  
  42  5:14  Probe  
  42  5:19  Warp Prism  
  42  5:20  Probe  
  46  5:23  Probe  
  48  5:32  Probe  
  48  5:34  Pylon x2  
  49  5:36  Pylon  
  49  5:44  Probe  
  49  5:48  Observer  
  50  6:08  Charge  
  50  6:14  Zealot x3  
  50  6:15  Zealot x3, Protoss Shields Level 1  
  62  6:22  Pylon x2  
  62  6:23  Protoss Ground Weapons Level 2  
  62  6:24  Pylon  
  62  6:36  Zealot x2  
  62  6:37  Zealot x3  
  72  6:57  Zealot x6  
  60  7:21  Zealot x2  
  60  7:22  Zealot x4  
  62  7:42  Zealot x4  
  62  7:43  Zealot x2  
  66  8:05  Zealot  
  66  8:06  Zealot x5  
  58  8:27  Zealot x4  
  58  8:28  Zealot x2  
  68  9:01  Zealot x6  
Tags
 
League
Platinum
Matchup
PvT
Spawn Locations
Cross Positions
Add a new tag
Caveats
  • Supply blocks, unpowered buildings, or Contaminate may cause inaccurate times.
  • Supply counts are checked every 10 seconds.